[Event "*** Titled Tuesday Blitz"]
[Site "Chess.com"]
[Date "2021.04.20"]
[Round "7"]
[White "Supernotar"]
[Black "Rsnr"]
[Result "1/2-1/2"]
[WhiteElo "2685"]
[BlackElo "2782"]
[TimeControl "180+1"]
[EndTime "11:17:00 PDT"]
[Termination "Game drawn by repetition"]

1. d4 d5 2. c4 c6 3. e3 Nf6 4.
Bd3 dxc4 5. Bxc4 b5 6. Bd3 a6 7. Nf3 Nbd7 8. O-O c5 9. b3 e6 10. a4 b4 11. Bb2 Bb7 12. Nbd2 Be7 13. Qe2 O-O 14. Nc4 cxd4 15. Nxd4 Nc5 16. Bc2 Nd5 17. Rfd1 Qe8 18. Rac1 Rd8 19. h3 Bf6 20. e4 Nf4 21. Qe3 Bg5 22. Ne2 Nxe2+ 23. Qxe2 Bxc1 24. Rxc1 Qe7 25. Qe3 f6 26. Bd4 Nd7 27. Na5 Ba8 28. Nc4 e5 29.
Ba7 Rfe8 30. Rd1 Nf8 31. Bc5 Rxd1+ 32. Bxd1 Qd8 33. Bg4 Ne6 34. Bxb4 Nd4 35. Nd6 Re7 36. Qd3 Rc7 37. Qxa6 Qb8 38. Ba3 Rc6 39. Qa5 Rc2 40. Qa6 Bc6 41. Qd3 Qxb3 42. Qxb3+ Nxb3 43. Be6+ Kh8 44. Bxb3 Rc3 45. Nf7+ Kg8 46. Nh6+ Kh8 47. Nf7+ Kg8 48. Nh6+ Kh8 49. Nf7+ 1/2-1/2

[Event "*** Titled Tuesday Blitz"]
[Site "Chess.com"]
[Date "2021.04.20"]
[Round "7"]
[White "Goryachkina"]
[Black "MalyDominator"]
[Result "1-0"]
[WhiteElo "2641"]
[BlackElo "2450"]
[TimeControl "180+1"]
[EndTime "11:17:01 PDT"]
[Termination "Goryachkina won by resignation"]

1. e4 c5 2. Nf3 d6 3. d4 cxd4 4.
Qxd4 Nf6 5. Bg5 Nc6 6. Bb5 Qa5+ 7. Nc3 Qxb5 8. Nxb5 Nxd4 9. Nfxd4 Nxe4 10. Nc7+ Kd8 11. Nxa8 Nxg5 12. Nb5 a6 13. Nc3 b5 14. Nb6 Bb7 15. O-O e6 16. a4 Kc7 17. a5 h5 18. h4 Nh7 19. Ne2 d5 20. b3 Bc5 21.
c4 dxc4 22. bxc4 Bxb6 23. axb6+ Kxb6 24. cxb5 axb5 25. Rfb1 Bd5 26. Nc3 Bc4 27. Rb2 Rc8 28. Rab1 Kc6 29. Nxb5 Bxb5 30. Rxb5 Kd6 31. Rb7 Rf8 32.
f3 Ke5 33. R1b5+ Kf6 34. Rxh5 Kg6 35. Rc5 Nf6 36. Kf2 Rh8 37. g3 Ra8 38. Rcc7 Ra2+ 39. Ke1 Rg2 40. Rxf7 Nh5 41. g4 Nf4 42. Rxf4 Kh6 1-0

[Event "*** Titled Tuesday Blitz"]
[Site "Chess.com"]
[Date "2021.04.20"]
[Round "7"]
[White "Pelopidass"]
[Black "noblerone"]
[Result "1-0"]
[WhiteElo "2554"]
[BlackElo "2390"]
[TimeControl "180+1"]
[EndTime "11:17:01 PDT"]
[Termination "Pelopidass won on time"]

1. e4 c5 2. b4 d6 3. bxc5 dxc5 4. Nf3 e6 5. Bb2 Nf6 6. d3 Nc6 7. Nbd2 Be7 8. g3 O-O 9. Bg2 b6 10. O-O Bb7 11. Rb1 Qc7 12. h3 Rad8 13. Qe2 e5 14. Nc4 Nd4 15. Qd1 Nd7 16. c3 Nxf3+ 17. Qxf3 f5 18.
Qe2 f4 19. Bf3 b5 20. Nd2 a6 21. Kg2 Nf6 22. a4 Qd6 23. axb5 axb5 24. d4 cxd4 25. cxd4 exd4 26. e5 Bxf3+ 27. Nxf3 Qe6 28. Qxb5 Ne4 29. Nxd4 Qg6 30. Qb3+ Kh8 31. Qe6 f3+ 32. Kh2 Rde8 33. Qxg6 hxg6 34. Rbe1 Nd2 35. Rg1 Bc5 36. Rd1 Nc4 37.
Ba1 Rxe5 38. Rc1 Bxd4 39. Bxd4 Re2 40. Rxc4 Rd8 41. Rgc1 1-0

[Event "*** Titled Tuesday Blitz"]
[Site "Chess.com"]
[Date "2021.04.20"]
[Round "7"]
[White "dosto07"]
[Black "chesshermar"]
[Result "0-1"]
[WhiteElo "2321"]
[BlackElo "2240"]
[TimeControl "180+1"]
[EndTime "11:17:01 PDT"]
[Termination "chesshermar won by checkmate"]

1. e4 e5 2. Nf3 Nc6 3. Bb5 f5 4. d3 fxe4 5. dxe4 Nf6 6. O-O Bc5 7. Qd3 Nd4 8. Nxd4 Bxd4 9. Bc4 Qe7 10. Nc3 a6 11.
Bg5 c6 12. a4 d6 13. Ne2 Bc5 14. c3 a5 15. Rab1 Be6 16. b4 axb4 17. cxb4 Bxc4 18. Qxc4 Bb6 19. a5 Bc7 20. Ng3 Qf7 21. Qd3 O-O 22. Nf5 Rad8 23. a6 bxa6 24. Qxa6 d5 25. Qxc6 dxe4 26. b5 Bb8 27. b6 Rc8 28. Qb5 Rc2 29.
Ne3 Rcc8 30. Bxf6 gxf6 31. Qd5 Qxd5 32. Nxd5 Kf7 33. Rfc1 Rxc1+ 34. Rxc1 Rd8 35. Ne3 Ke6 36. Kf1 f5 37. Rc6+ Kd7 38. Rh6 f4 39. Rxh7+ Kc6 40.
Nc4 f3 41. gxf3 exf3 42. Rf7 Rd1# 0-1

[Event "*** Titled Tuesday Blitz"]
[Site "Chess.com"]
[Date "2021.04.20"]
[Round "7"]
[White "Koalaskakistis"]
[Black "vanyakuba"]
[Result "1-0"]
[WhiteElo "2552"]
[BlackElo "2393"]
[TimeControl "180+1"]
[EndTime "11:17:02 PDT"]
[Termination "Koalaskakistis won by resignation"]

1. Nf3 d5 2. g3 Nf6 3. Bg2 c5 4. O-O Nc6 5. d3 g6 6. Nbd2 Bg7 7. e4 O-O 8. Re1 e5 9. exd5 Nxd5 10. Nc4 Re8 11. Ng5 Nb6 12. Ne4 Nxc4 13. dxc4 Qxd1 14. Rxd1 Nd4 15. c3 Ne2+ 16. Kh1 Nxc1 17.
Raxc1 Bg4 18. Re1 Kf8 19. Nxc5 Bh6 20. Rc2 Rad8 21. Nxb7 Rd2 22. Rxd2 Bxd2 23. Rb1 Rb8 24. c5 Rc8 25. c6 Be6 26. Nc5 Bxa2 27. Ra1 Bc4 28.
Rxa7 Bg5 29. Nd7+ Ke8 30. Nxe5 Be6 31. c7 Bf6 32. Bc6+ Ke7 33. Nd3 Kd6 34. Bf3 Rxc7 35. Rxc7 Kxc7 36. Kg2 Bf5 37. Nb4 Bg7 38. Nd5+ Kd6 39.
Ne3 Bd7 40. Bd5 f5 41. Bg8 h6 42. Bh7 Be8 43. Bg8 Ke5 44. Kf3 Kd6 45. h4 Bf6 46. h5 gxh5 47. Nxf5+ Ke5 48. Ne3 Bc6+ 49. Ke2 h4 50. Ng4+ Kf5 51. Nxf6 Kxf6 52. gxh4 Bd7 53. f4 Kf5 54. Kf3 Bc6+ 55. Kg3 1-0

[Event "*** Titled Tuesday Blitz"]
[Site "Chess.com"]
[Date "2021.04.20"]
[Round "7"]
[White "chessajedrezz2020"]
[Black "MateusViageiro"]
[Result "1-0"]
[WhiteElo "2705"]
[BlackElo "2281"]
[TimeControl "180+1"]
[EndTime "11:17:03 PDT"]
[Termination "chessajedrezz2020 won by checkmate"]

1. Nf3 Nf6 2. d4 e6 3. e3 c5 4. Bd3 cxd4 5. exd4 b6 6. O-O Bb7 7. Re1 Be7 8. Bg5 O-O 9. Nbd2 d6 10. c3 Nbd7 11. Qe2 h6 12. Bh4 Nd5 13. Bg3 N7f6 14.
Rad1 Nh5 15. Qe4 Nhf6 16. Qe2 Nh5 17. Qe4 Nhf6 18. Qh4 a6 19. c4 Nb4 20. Bb1 Ne4 21. Qh3 Nxg3 22. hxg3 d5 23. a3 Nc6 24. cxd5 Qxd5 25.
Be4 Qd8 26. Nc4 b5 27. Ne3 Na5 28. d5 exd5 29. Bxd5 Bxd5 30. Nxd5 Bf6 31. Qf5 Nc4 32. b3 Nxa3 33. Nh2 Re8 34. Rxe8+ Qxe8 35. Nxf6+ gxf6 36. Ng4 Qe6 37. Nxh6+ Kg7 38. Qh5 Rc8 39. Nf5+ Kg8 40.
Qg4+ Kf8 41. Qg7+ Ke8 42. Qg8# 1-0

[Event "*** Titled Tuesday Blitz"]
[Site "Chess.com"]
[Date "2021.04.20"]
[Round "7"]
[White "chesslh19"]
[Black "PowerThinking2650"]
[Result "0-1"]
[WhiteElo "2234"]
[BlackElo "2397"]
[TimeControl "180+1"]
[EndTime "11:17:03 PDT"]
[Termination "PowerThinking2650 won by resignation"]

1. e4 e5 2. Nf3 Nc6 3. Bb5 a6 4. Bxc6 dxc6 5. O-O f6 6. d4 exd4 7. Nxd4 c5 8. Nb3 Qxd1 9. Rxd1 Bd7 10. Bf4 O-O-O 11.
Nc3 Bc6 12. f3 b6 13. Rxd8+ Kxd8 14. Rd1+ Kc8 15. Nd5 Bxd5 16. Rxd5 Ne7 17. Rd1 g5 18. Be3 Bg7 19. c3 h6 20. Kf1 f5 21. Nd2 Rd8 22. Ke2 Re8 23. Kd3 f4 24. Bf2 Nc6 25. Kc2 Ne5 26.
b3 Rd8 27. Nc4 Rxd1 28. Kxd1 Nxc4 29. bxc4 Bxc3 30. Kc2 Bd4 31. Be1 c6 32. Kd3 Kd7 33. h4 b5 34. hxg5 hxg5 35. Bd2 Be5 36. Be1 Kc7 37.
Ba5+ Kb7 38. Be1 Kb6 39. Bd2 b4 40. Be1 a5 41. Kc2 a4 42. Bd2 Bd4 43. Be1 Kc7 44. Kd3 Kd6 45. Kc2 Ke5 46. g4 Ke6 47. Kd3 b3 48.
axb3 a3 49. b4 a2 0-1

[Event "*** Titled Tuesday Blitz"]
[Site "Chess.com"]
[Date "2021.04.20"]
[Round "7"]
[White "nrvisakh"]
[Black "Witik"]
[Result "1-0"]
[WhiteElo "2795"]
[BlackElo "2679"]
[TimeControl "180+1"]
[EndTime "11:17:04 PDT"]
[Termination "nrvisakh won on time"]

1. Nf3 d5 2. c4 e6 3. g3 f5 4. Bg2 Nf6 5. O-O Bd6 6. d3 O-O 7. Nc3 dxc4 8. dxc4 Nc6 9. Nb5 Qe7 10.
Nxd6 cxd6 11. b3 Ne4 12. Bb2 e5 13. Nd2 Nf6 14. a3 Be6 15. b4 Rad8 16. Qa4 e4 17. e3 Ne5 18. Qxa7 Nxc4 19. Nxc4 Bxc4 20. Rfc1 d5 21.
Qd4 b5 22. a4 bxa4 23. Rxa4 Ra8 24. Rca1 Qb7 25. Rxa8 Rxa8 26. Rxa8+ Qxa8 27. Bf1 Qa2 28. Bxc4 dxc4 29. b5 Qb3 30. b6 Kf7 31. Kg2 Kg6 32. h3 h6 33. Bc3 Qb1 34. g4 fxg4 35. hxg4 Qb3 36. Qe5 Qd1 37. Qf5+ Kf7 38. Bxf6 Qf3+ 39. Qxf3 exf3+ 40. Kxf3 gxf6 41. b7 1-0

[Event "*** Titled Tuesday Blitz"]
[Site "Chess.com"]
[Date "2021.04.20"]
[Round "7"]
[White "Anna_ChessMate"]
[Black "Reader777"]
[Result "1-0"]
[WhiteElo "2581"]
[BlackElo "2685"]
[TimeControl "180+1"]
[EndTime "11:17:04 PDT"]
[Termination "Anna_ChessMate won by resignation"]

1. d4 Nf6 2. c4 e6 3. Nf3 Bb4+ 4. Bd2 a5 5. g3 O-O 6. Bg2 d5 7. c5 Bxd2+ 8. Nbxd2 b6 9. cxb6 cxb6 10. O-O Ba6 11.
Re1 Nc6 12. Rc1 Rc8 13. a3 Qe7 14. e3 Rc7 15. Qb3 Rb8 16. Bf1 Bxf1 17. Rxf1 Qd6 18.
Rc3 Nd7 19. Rfc1 Rbc8 20. Qc2 b5 21. Qd3 b4 22. R3c2 Ne7 23. axb4 axb4 24. Nb3 h6 25. Rxc7 Rxc7 26. Rxc7 Qxc7 27. Qb5 Nf6 28. Qxb4 Ne4 29. Nc5 Nf5 30. Ne5 Qa7 31. Qa3 Qb8 32. b4 Qb5 33.
Nxe4 dxe4 34. Qa8+ Kh7 35. Qxe4 Qxb4 36. g4 Qe1+ 37. Kg2 f6 38. gxf5 fxe5 39. fxe6+ Kg8 40. Qxe5 Qb4 41. e7 Qb7+ 42. d5 1-0

[Event "*** Titled Tuesday Blitz"]
[Site "Chess.com"]
[Date "2021.04.20"]
[Round "7"]
[White "rynos0411"]
[Black "FMJoseHerrera"]
[Result "0-1"]
[WhiteElo "2440"]
[BlackElo "2626"]
[TimeControl "180+1"]
[EndTime "11:17:04 PDT"]
[Termination "FMJoseHerrera won by resignation"]

1. e4 c5 2. Nf3 e6 3. d3 b6 4. Nbd2 Bb7 5. g3 Qc7 6. Bg2 d6 7. O-O Nd7 8. Re1 Ngf6 9. c3 Be7 10. a4 a6 11. Qe2 h5 12. h4 Ng4 13. Nf1 O-O-O 14. d4 f6 15. e5 dxe5 16. dxe5 Ndxe5 17. Bf4 Bd6 18. Nxe5 Bxe5 19. Bxb7+ Qxb7 20. Ne3 Bxf4 21. Nxg4 hxg4 22. Qxe6+ Kb8 23. gxf4 Rxh4 24. Qe4 Qxe4 25.
Rxe4 Rd7 26. Rae1 Kc7 27. Kg2 Rh3 28. Re6 Rhd3 29. a5 R3d6 30. axb6+ Kxb6 31. Rxd6+ Rxd6 32. Re7 g6 33. Rg7 f5 34. Re7 Kb5 35. Kf1 Kc4 36. Ke2 Kb3 37. Rb7+ Kc2 38. b4 Rd2+ 39. Kf1 c4 40. Rb6 Kxc3 41. Rxa6 Kxb4 42. Rxg6 c3 43. Ke1 Rd4 44. Rb6+ Kc4 45. Ra6 Kd3 46. Ra3 Rxf4 47. Ra8 Rb4 48. Rd8+ Rd4 49. Rc8 f4 50. Kd1 Rc4 51.
Rd8+ Ke4 52. Kc2 Kf3 53. Rd3+ Kxf2 54. Rd8 g3 0-1

[Event "*** Titled Tuesday Blitz"]
[Site "Chess.com"]
[Date "2021.04.20"]
[Round "7"]
[White "mishanick"]
[Black "Igor_Lysyj"]
[Result "1-0"]
[WhiteElo "2971"]
[BlackElo "2780"]
[TimeControl "180+1"]
[EndTime "11:17:05 PDT"]
[Termination "mishanick won on time"]

1. d4 d5 2. c4 e6 3. Nf3 dxc4 4. e4 b5 5. a4 Bb7 6. axb5 Bxe4 7. Nc3 Bb7 8. Bxc4 Nf6 9. O-O Be7 10. Ne5 O-O 11.
Bf4 Nbd7 12. Nc6 Bxc6 13. bxc6 Nb6 14. Ba6 Bd6 15. Bxd6 Qxd6 16. Bb7 Rad8 17. Nb5 Qe7 18. Rxa7 Nfd5 19. Qe2 Qb4 20. Rfa1 Rfe8 21. h3 g6 22. h4 Re7 23. g3 h5 24. Ba6 Rde8 25. Rb7 e5 26.
dxe5 Rxe5 27. Qf3 Rf5 28. Qg2 Re2 29. Rf1 Ne3 30. Nxc7 Nxg2 31. Bxe2 Qxb2 32. Kxg2 Qxe2 33. Rxb6 Qe4+ 34. Kg1 Qc4 35. Ne8 Qc5 36. Ra6 Kh7 37. c7 Rf3 38. Kg2 Rc3 39. Kh2 Qb5 40. Rfa1 1-0

[Event "*** Titled Tuesday Blitz"]
[Site "Chess.com"]
[Date "2021.04.20"]
[Round "7"]
[White "Zq1"]
[Black "VladimirBugayev"]
[Result "1-0"]
[WhiteElo "2526"]
[BlackElo "2265"]
[TimeControl "180+1"]
[EndTime "11:17:06 PDT"]
[Termination "Zq1 won on time"]

1. d4 Nf6 2. c4 c5 3. Nf3 cxd4 4. Nxd4 Nc6 5. Nc3 g6 6. e4 Bg7 7. Be3 d6 8. Be2 O-O 9. O-O Bd7 10. Qd2 Nxd4 11. Bxd4 Bc6 12. f3 a5 13. b3 Nd7 14.
Be3 Nc5 15. Rac1 Be5 16. g3 e6 17. Nb5 Bxb5 18. cxb5 b6 19. f4 Bf6 20. Bf3 Rc8 21. Rfd1 Be7 22. h4 f5 23. Qg2 fxe4 24. Bxe4 d5 25.
Bf3 Bf6 26. h5 Qe7 27. hxg6 hxg6 28. Qe2 Rfd8 29. Bd4 Kg7 30. Kg2 Rh8 31. Be5 Rh7 32. Rh1 Rch8 33. Rxh7+ Rxh7 34. g4 Bxe5 35. Qxe5+ Qf6 36.
Qc7+ Qf7 37. Qe5+ Qf6 38. Qe3 Qh4 39. Rg1 Qh2+ 40. Kf1 Ne4 41. Bxe4 dxe4 42. Qxe4 Rh3 43. Rg2 Qh1+ 44. Ke2 Qc1 45. Qe5+ 1-0

[Event "*** Titled Tuesday Blitz"]
[Site "Chess.com"]
[Date "2021.04.20"]
[Round "7"]
[White "JakubPulpan"]
[Black "champ2005"]
[Result "0-1"]
[WhiteElo "2748"]
[BlackElo "2989"]
[TimeControl "180+1"]
[EndTime "11:17:07 PDT"]
[Termination "champ2005 won by resignation"]

1. Nf3 d5 2. b3 c5 3. Bb2 f6 4. g3 e5 5. Bg2 Nc6 6. O-O Be6 7. d3 Bd6 8. Nbd2 Nge7 9. e4 d4 10.
Nh4 g5 11. Nf5 Nxf5 12. exf5 Bxf5 13. Be4 Bg6 14. Qf3 Rc8 15. Bf5 Rc7 16. Ne4 Be7 17.
g4 Nb4 18. a3 Nd5 19. Bc1 Bxf5 20. Qxf5 Qd7 21. Ng3 Qxf5 22. Nxf5 Kf7 23. Kg2 h5 24. h3 Bf8 25. Bd2 b6 26. Ng3 h4 27. Nf5 a6 28.
a4 Ke6 29. Rfe1 Bd6 30. Kf3 Rhc8 31. Ke4 Bf8 32. Kf3 Nb4 33. Rec1 Kd5 34. Ra3 Nc6 35.
Raa1 Ra7 36. Ra2 Rca8 37. Rca1 Nb4 38. Bxb4 cxb4 39. Ke2 e4 40. dxe4+ Kxe4 41. Rd1 Bc5 42. f3+ Kf4 43. Kf2 Re8 44. Rd3 Re6 45. Ng7 Rxg7 46.
Ra1 Rge7 0-1

[Event "*** Titled Tuesday Blitz"]
[Site "Chess.com"]
[Date "2021.04.20"]
[Round "7"]
[White "rugbyclub"]
[Black "Fh2411"]
[Result "0-1"]
[WhiteElo "2262"]
[BlackElo "2569"]
[TimeControl "180+1"]
[EndTime "11:17:07 PDT"]
[Termination "Fh2411 won by checkmate"]

1. c4 c6 2. Nc3 d5 3. cxd5 cxd5 4. d4 Nc6 5. Bf4 Nf6 6. e3 Bf5 7. Qb3 Na5 8. Qa4+ Bd7 9. Qc2 e6 10. Bd3 Rc8 11. Nf3 Bb4 12. O-O h6 13. h3 O-O 14.
Rac1 Nc4 15. Ne5 Bxc3 16. bxc3 Bb5 17. a4 Ba6 18. Qe2 Ne4 19. f3 Nxe5 20. Bxa6 Nxc3 21. Qc2 bxa6 22. Bxe5 Qd7 23. Kh2 Nxa4 24. Qa2 Nb6 25.
Qxa6 Nc4 26. e4 Nxe5 27. dxe5 dxe4 28. fxe4 Rxc1 29. Rxc1 Qd4 30. Qd6 Qxe4 31. Ra1 Rc8 32. Kg3 Rc3+ 33. Kh2 Rc2 34. Rg1 Ra2 35. Qd8+ Kh7 36.
Qc7 Qf4+ 37. Kh1 Qf5 38. Qc5 a5 39. Qd4 a4 40. Qc4 Qc2 41. Qf4 Qf2 42. Qe4+ Qf5 43.
Qc4 Ra3 44. Qb4 Rxh3+ 45. gxh3 Qxh3# 0-1

[Event "*** Titled Tuesday Blitz"]
[Site "Chess.com"]
[Date "2021.04.20"]
[Round "7"]
[White "MFBerna"]
[Black "fabianvivasz"]
[Result "1-0"]
[WhiteElo "2508"]
[BlackElo "2340"]
[TimeControl "180+1"]
[EndTime "11:17:07 PDT"]
[Termination "MFBerna won by resignation"]

1. d4 Nf6 2. Nf3 g6 3. g3 Bg7 4. Bg2 O-O 5. O-O d5 6. b3 a5 7.
a3 b6 8. Bb2 a4 9. b4 Ba6 10. Ne5 Nfd7 11. Bxd5 Nxe5 12. dxe5 c6 13. Bf3 Qc7 14. Qd4 Nd7 15. Qe4 Nxe5 16. Nc3 Nxf3+ 17.
Qxf3 Rad8 18. Nxa4 Bxb2 19. Nxb2 Rd2 20. Nd3 Rxc2 21.
Rfc1 Rxc1+ 22. Rxc1 Bb5 23. Qe3 Ra8 24. Nf4 Qd6 25.
h4 e5 26. Nh3 Qd4 27. Rc3 f6 28. Kg2 c5 29. bxc5 Bc6+ 30. f3 Qxe3 31. Rxe3 bxc5 32. Rc3 Ra5 33. Nf2 Kf7 34. Nd3 Bb5 35. Rxc5 Ke6 36.
a4 Bxd3 37. Rxa5 Bxe2 38. Ra7 h5 39. Kf2 Bc4 40. a5 Kf5 41. Ke3 Bf1 42. a6 Ke6 43.
Ra8 f5 44. a7 Ke7 45. Rg8 1-0

[Event "*** Titled Tuesday Blitz"]
[Site "Chess.com"]
[Date "2021.04.20"]
[Round "7"]
[White "UnknownxArmy"]
[Black "Nikolaj_6"]
[Result "0-1"]
[WhiteElo "2477"]
[BlackElo "2618"]
[TimeControl "180+1"]
[EndTime "11:17:08 PDT"]
[Termination "Nikolaj_6 won on time"]

1. d4 Nf6 2. c4 e6 3. g3 c5 4. d5 exd5 5. cxd5 d6 6. Nc3 g6 7.
Bg2 Bg7 8. Nf3 O-O 9. O-O Re8 10.
Bf4 a6 11. a4 Nh5 12. Bg5 Qc7 13. Qd2 Nd7 14. Rfc1 Ndf6 15. Ne1 Bf5 16. h3 Ne4 17. Nxe4 Bxe4 18. f3 Nxg3 19. fxe4 Nxe4 20. Bxe4 Rxe4 21.
Nf3 Rae8 22. Re1 Qd7 23. Kg2 Qf5 24. Bh4 Bd4 25. Rad1 Rxh4 26. Nxh4 Qf2+ 27. Kh1 Qxh4 28. e3 Qxh3+ 29. Qh2 Qxh2+ 30. Kxh2 Bxb2 31. Rb1 Be5+ 32. Kg2 Re7 33. Rb6 c4 34. Reb1 Rc7 35. Rxb7 Rc5 36. e4 c3 37. Rc1 Rc4 38. Kf3 Rxa4 39. Rc2 h5 40. Rb8+ Kg7 41. Rb7 g5 42. Rd7 g4+ 43. Ke3 g3 44. Rc7 h4 45. Rd7 h3 46. Rc7 h2 47.
Rc1 g2 0-1

[Event "*** Titled Tuesday Blitz"]
[Site "Chess.com"]
[Date "2021.04.20"]
[Round "7"]
[White "topin8"]
[Black "Politov_Pavel"]
[Result "1-0"]
[WhiteElo "2205"]
[BlackElo "2321"]
[TimeControl "180+1"]
[EndTime "11:17:08 PDT"]
[Termination "topin8 won on time"]

1. e4 e5 2. Nf3 Nc6 3. Bc4 Bc5 4.
c3 Nf6 5. d3 d6 6. Nbd2 h6 7. a4 a6 8. h3 O-O 9. O-O Ba7 10. Bb3 Be6 11. Re1 Qd7 12. Nf1 Bxh3 13. gxh3 Qxh3 14. N3h2 Ne7 15. Qf3 Qh4 16. Qg3 Qxg3+ 17.
Nxg3 Ng6 18. Be3 h5 19. Bxa7 Rxa7 20. a5 Nf4 21. Rad1 b6 22. axb6 Rb7 23. Bc4 Rxb6 24. b4 Ra8 25. Ra1 c6 26. Ra5 d5 27. exd5 cxd5 28. Ba2 Nxd3 29. Re3 Nf4 30. Rxe5 Rc8 31. Rc5 Rxc5 32. bxc5 Rc6 33. Rf5 Nd3 34. Nxh5 Rxc5 35.
Nxf6+ gxf6 36. Rxd5 Rxc3 37. Ng4 f5 38. Rxf5 Rc7 39.
Bxf7+ Kg7 40. Bd5 a5 41. Be4 Nb4 42. Rg5+ Kf7 43. Rxa5 Rc1+ 44. Kg2 Rb1 45. Ra7+ Ke6 46. Rb7 1-0

[Event "*** Titled Tuesday Blitz"]
[Site "Chess.com"]
[Date "2021.04.20"]
[Round "7"]
[White "catzapto"]
[Black "Klavdia_Nik"]
[Result "1-0"]
[WhiteElo "2104"]
[BlackElo "2036"]
[TimeControl "180+1"]
[EndTime "11:17:08 PDT"]
[Termination "catzapto won on time"]

1. e4 c5 2. Nf3 d6 3. c3 g6 4. d4 cxd4 5. cxd4 Bg7 6. Nc3 Nf6 7.
Bc4 O-O 8. h3 a6 9. O-O b5 10. Bd3 Bb7 11. Re1 Nc6 12. e5 dxe5 13. dxe5 Nd5 14. Nxd5 Qxd5 15. Be4 Qxd1 16. Rxd1 Na5 17.
Bxb7 Nxb7 18. Rd7 Nc5 19. Rxe7 Nd3 20. e6 fxe6 21. Rxe6 Nxb2 22. Bxb2 Bxb2 23. Rb1 Bf6 24. Ne5 Bxe5 25. Rxe5 Rf4 26. Re7 Rf7 27. Re6 Rb7 28. Rbe1 Kf7 29. R6e3 a5 30. Rf3+ Kg7 31. Rfe3 Raa7 32.
Rb3 b4 33. Reb1 Rc7 34. a3 bxa3 35. Rxa3 a4 36. Rb4 Rc1+ 37. Kh2 Rc2 38. Kg3 Rf7 39. Rbxa4 Rfxf2 40. Ra7+ Kh6 41. R3a4 Rxg2+ 42. Kf3 g5 43. R4a6+ 1-0

[Event "*** Titled Tuesday Blitz"]
[Site "Chess.com"]
[Date "2021.04.20"]
[Round "7"]
[White "Leo_C"]
[Black "volunteers1998"]
[Result "1-0"]
[WhiteElo "2427"]
[BlackElo "2189"]
[TimeControl "180+1"]
[EndTime "11:17:09 PDT"]
[Termination "Leo_C won on time"]

1. Nf3 f5 2. d4 g6 3. Bf4 Nf6 4. e3 Bg7 5. h3 O-O 6. Bc4+ e6 7. Nbd2 d6 8. Qe2 Nc6 9. O-O-O a6 10. g4 b5 11. Bb3 fxg4 12. hxg4 Na5 13. Ng5 Nxb3+ 14.
Nxb3 a5 15. Qf3 Bd7 16. Qh3 h6 17. Nf3 Ne4 18. Qg2 g5 19. Ne1 a4 20. Qxe4 axb3 21.
axb3 gxf4 22. exf4 Ra1+ 23. Kd2 Rxd1+ 24. Kxd1 c5 25. g5 Qe8 26. gxh6 Bf6 27. Rg1+ Kh8 28. dxc5 dxc5 29. Nd3 Bc6 30. Qe3 Bd4 31. Qh3 Qf7 32.
h7 Be4 33. Qh6 Bxd3 34. cxd3 Bxf2 35. Rg5 Bd4 36. Rg6 Bg7 37. Qg5 Qd7 38. Kc2 Rd8 39. Qg3 Rf8 40. Qe3 Qf7 41. Rxe6 Qxf4 42. Qxf4 Rxf4 43.
Rc6 Rf8 44. Rc8 1-0

[Event "*** Titled Tuesday Blitz"]
[Site "Chess.com"]
[Date "2021.04.20"]
[Round "7"]
[White "elohunter1999"]
[Black "Chernobay_Artem"]
[Result "0-1"]
[WhiteElo "2497"]
[BlackElo "2626"]
[TimeControl "180+1"]
[EndTime "11:17:10 PDT"]
[Termination "Chernobay_Artem won on time"]

1. d4 Nf6 2. c4 g6 3. Nc3 Bg7 4. e4 d6 5. Nf3 O-O 6. Be2 e5 7. O-O Nc6 8. d5 Ne7 9. Ne1 Nd7 10. Be3 f5 11. f3 f4 12. Bf2 g5 13. Nd3 Nf6 14.
c5 Ng6 15. Rc1 Rf7 16. Kh1 h5 17. Nb5 g4 18. cxd6 cxd6 19. Nxa7 Bd7 20. Qb3 g3 21. Bb6 Qe7 22. Nb5 Ne8 23. Nc7 Ba4 24.
Nxa8 Bxb3 25. axb3 gxh2 26. Nc7 Nxc7 27. Rxc7 Qg5 28.
Rxf7 Kxf7 29. Bf2 Nh4 30. Ne1 Bf6 31. Kxh2 Qg8 32. Rg1 Ng6 33. Nd3 Bh4 34. Bb6 Bg3+ 35. Kh1 Ne7 36. Rc1 Kf6 37. Nf2 Nc8 38. Rxc8 Qxc8 39.
Bc4 Qa8 40. Nh3 Qa1+ 41. Ng1 Qxb2 42. Nh3 Ke7 43. Ng1 Bf2 44. Bxf2 Qxf2 45. Nh3 Qe1+ 46. Kh2 Qb4 47. Nf2 b5 0-1

[Event "*** Titled Tuesday Blitz"]
[Site "Chess.com"]
[Date "2021.04.20"]
[Round "7"]
[White "Rozhkov_V"]
[Black "Grandmaster1369"]
[Result "1-0"]
[WhiteElo "2444"]
[BlackElo "2587"]
[TimeControl "180+1"]
[EndTime "11:17:10 PDT"]
[Termination "Rozhkov_V won by checkmate"]

1. e4 c5 2. Nf3 d6 3. d4 cxd4 4. Nxd4 Nf6 5. Nc3 a6 6. Be3 e5 7. Nb3 Be6 8. f3 Be7 9. Qd2 h5 10. g3 Nbd7 11. O-O-O Rc8 12. Kb1 b5 13. Nd5 Nxd5 14.
exd5 Bf5 15. Bd3 Bxd3 16. Qxd3 O-O 17. f4 Bf6 18. Rhf1 Qe7 19. Bc1 Nc5 20. Nxc5 Rxc5 21.
fxe5 Qxe5 22. Rf5 Qe7 23. Rdf1 Rfc8 24. R1f2 h4 25. gxh4 Rc4 26. Rxf6 gxf6 27. Rg2+ Kf8 28. Bh6+ Ke8 29. Rg8+ Kd7 30. Qf5+ Kc7 31. Rxc8+ Kb6 32. Rxc4 Qe1+ 33. Bc1 bxc4 34. Qxf6 Kc5 35. Qc3 Qd1 36. b3 Kxd5 37. Qxc4+ Ke5 38. Qd3 Qg1 39. Qg3+ Qxg3 40. hxg3 Ke4 41. h5 Kf5 42. h6 Kg6 43. g4 d5 44. g5 d4 45. a4 a5 46. Bd2 f6 47.
gxf6 d3 48. cxd3 Kxf6 49. Bxa5 Kg6 50. Bd2 Kh7 51. a5 Kh8 52. a6 Kh7 53. a7 Kh8 54.
a8=Q+ Kh7 55. Qb7+ Kg6 56. Qg7+ Kh5 57. h7 Kh4 58.
h8=Q# 1-0

[Event "*** Titled Tuesday Blitz"]
[Site "Chess.com"]
[Date "2021.04.20"]
[Round "7"]
[White "OlifantCZ"]
[Black "Qvalda"]
[Result "1-0"]
[WhiteElo "2269"]
[BlackElo "2417"]
[TimeControl "180+1"]
[EndTime "11:17:11 PDT"]
[Termination "OlifantCZ won on time"]

1. c4 d6 2. g3 g6 3. Bg2 Bg7 4.
Nc3 e5 5. e4 Nc6 6. d3 Nd4 7.
Nge2 c5 8. Nxd4 cxd4 9. Ne2 Nf6 10. O-O O-O 11. b4 a5 12. b5 Nd7 13. a4 b6 14.
Ba3 Nc5 15. f4 f5 16. Bxc5 dxc5 17. exf5 Ra7 18. Bd5+ Kh8 19. fxg6 hxg6 20. fxe5 Bxe5 21. Qd2 Kg7 22. Nf4 Re7 23. Be4 Bxf4 24. Rxf4 Ref7 25. Raf1 Qe7 26. Rxf7+ Rxf7 27. Rxf7+ Qxf7 28. Qg5 Qf6 29.
Qf4 Bh3 30. Kf2 g5 31. Qxf6+ Kxf6 32. Bg2 Bf5 33. Bf1 g4 34. Be2 Kg5 35. Kg2 Be6 36. Kf2 Bf5 37. Bf1 Be6 38. Ke2 Bf5 39. Bg2 Be6 40. Be4 Bd7 41. Kf2 Bc8 42. Kg1 Bd7 43. Bg2 Bf5 44. Bf1 Be6 45. h4+ gxh3 46. Be2 Bf5 47. Bf1 Kg4 48. Kh2 Kf3 49. Bxh3 Bxd3 50. Be6 Bg6 51. Kh3 d3 52. Kh4 d2 53. Bg4+ Kf2 54.
Bd1 Ke1 55. Bf3 1-0

[Event "*** Titled Tuesday Blitz"]
[Site "Chess.com"]
[Date "2021.04.20"]
[Round "7"]
[White "eldur16"]
[Black "jacky72"]
[Result "1-0"]
[WhiteElo "2610"]
[BlackElo "2708"]
[TimeControl "180+1"]
[EndTime "11:17:12 PDT"]
[Termination "eldur16 won on time"]

1. d4 Nf6 2. c4 g6 3. Nc3 Bg7 4. e4 O-O 5. f3 d6 6. Nge2 c5 7. d5 e6 8. Ng3 exd5 9. cxd5 a6 10. a4 h5 11. Be2 h4 12. Nf1 Nbd7 13. Ne3 Rb8 14.
Nc4 h3 15. g3 Qe7 16. Bf4 Ne8 17. O-O b5 18. axb5 axb5 19. Na5 b4 20. Nc6 Qf6 21. Nxb8 bxc3 22. Nxd7 Bxd7 23. bxc3 Qxc3 24. Ra7 Bd4+ 25. Kh1 Nf6 26. Qd2 Qxd2 27. Bxd2 Rb8 28. Bg5 Be8 29. Rd1 Rb2 30. Bf1 Nh7 31. Bd2 Rb3 32.
f4 Bb5 33. Bxb5 Rxb5 34. e5 dxe5 35. d6 Nf8 36. d7 Nxd7 37. Rxd7 e4 38. Re7 f5 39. Be3 Kf8 40. Rc7 Ke8 41. Bg1 e3 42. Re1 Rb3 43. Rc6 Kd7 44. Rxg6 c4 45. Rh6 c3 46.
Rxh3 c2 47. Rc1 Rc3 48. Kg2 1-0

[Event "*** Titled Tuesday Blitz"]
[Site "Chess.com"]
[Date "2021.04.20"]
[Round "7"]
[White "GameOverBro"]
[Black "TeukkaSalama"]
[Result "1-0"]
[WhiteElo "2532"]
[BlackElo "2373"]
[TimeControl "180+1"]
[EndTime "11:17:12 PDT"]
[Termination "GameOverBro won on time"]

1. e4 d5 2. exd5 Qxd5 3. Nc3 Qd8 4. b3 Nf6 5. Bb2 Bf5 6. Nge2 e6 7. Ng3 Bg6 8. h4 h5 9. Be2 Bd6 10. Bf3 c6 11. Qe2 Bxc2 12. Nxh5 Nxh5 13. Bxh5 Bd3 14. Qxe6+ Qe7 15. Bxf7+ Kf8 16. O-O-O Rh6 17. Qxe7+ Bxe7 18. Bc4 Bf5 19. g3 b5 20. Be2 b4 21. Na4 Nd7 22.
Bd4 c5 23. Be3 Rc6 24. Bf3 Ne5 25. Bxc6 Nxc6 26. f4 Rc8 27. Nb2 a5 28. Rhg1 a4 29. g4 Be4 30. Nxa4 Na5 31. Nb6 Rc7 32. Nc4 Nxc4 33.
bxc4 Ra7 34. d3 Bf3 35. Rd2 Bc6 36. g5 Ra3 37. h5 Kf7 38. h6 gxh6 39. gxh6 Bf6 40.
Bxc5 Rc3+ 41. Kb1 Ba4 42. h7 b3 43. axb3 Rxb3+ 44. Ka2 Rb8 45. d4 Bb3+ 46. Ka3 Bxc4 47.
Rdg2 Rb3+ 48. Ka4 Rb8 49. Rg8 Bb3+ 50. Ka3 Rb7 51. h8=Q 1-0